 Dungeon Crawl Stone Soup version 0.26-a0-438-g4b1dca4f87 (webtiles) character file.

Game seed: 15119364682405589746

1108 Misa the Magician (level 8, -1/41 HPs)
             Began as a Deep Elf Fire Elementalist on July 26, 2020.
             Incinerated by a red very ugly thing (6 damage)
             ... on level 1 of the Abyss.
             The game lasted 00:14:00 (5644 turns).

Misa the Magician (Deep Elf Fire Elementalist)      Turns: 5644, Time: 00:14:01

Health: -1/41      AC:  4    Str:  5    XL:     8   Next: 11%
Magic:  19/21      EV: 13    Int: 29    God:
Gold:   296        SH:  0    Dex: 15    Spells: 16/22 levels left

rFire    . . .     SeeInvis .   l - +2 whip (venom)
rCold    . . .     Faith    .   (no shield)
rNeg     . . .     Spirit   .   a - +0 robe
rPois    .         Reflect  .   q - +0 helmet
rElec    .         Harm     .   z - +0 cloak
rCorr    .                      (no gloves)
MR       .....                  (no boots)
Stlth    +.........             w - amulet of the acrobat
HPRegen  0.13/turn              r - +6 ring of intelligence
MPRegen  0.17/turn              (no ring)

@: liquid flames, glowing
A: no striking features
a: no special abilities


You were on level 1 of the Abyss.
You visited 1 branch of the dungeon, and saw 6 of its levels.
You visited the Abyss 1 time.

You collected 296 gold pieces.

Inventory:

Hand Weapons
 d - a +0 hunting sling
 l - a +2 whip of venom (weapon)
 y - the +6 quarterstaff of Overwhelming Force {vorpal, +Rage rPois Int-5}
   (You found it on level 5 of the Dungeon)

   It inflicts extra damage upon your enemies.
   It affects your intelligence (-5).
   It protects you from poison.
   It lets you go berserk.
Missiles
 e - 204 stones (quivered)
Armour
 a - a +0 robe (worn)
 q - a +0 helmet (worn)
 z - a +0 cloak (worn)
 A - a +0 buckler
Jewellery
 r - a +6 ring of intelligence (left hand)
 t - an uncursed ring of ice
 w - an amulet of the acrobat (around neck)
Wands
 u - a wand of digging (7)
Scrolls
 g - 3 scrolls of remove curse {unknown}
 i - a scroll of fog {unknown}
 j - 3 scrolls of immolation {unknown}
 k - 5 scrolls of identify {unknown}
 n - 3 scrolls of teleportation {unknown}
 s - a scroll of amnesia {unknown}
 v - a scroll of enchant armour {unknown}
 B - a scroll of holy word {unknown}
Potions
 b - a potion of resistance {unknown}
 c - a potion of invisibility {unknown}
 f - 3 potions of might {unknown}
 h - 2 potions of degeneration {unknown}
 m - 2 potions of mutation {unknown}
 o - a potion of magic {unknown}
 p - 2 potions of heal wounds {unknown}
 x - a potion of brilliance {unknown}


   Skills:
 - Level 2.4 Dodging
 - Level 2.4 Stealth
 + Level 7.7 Spellcasting
 + Level 6.0 Conjurations
 + Level 6.9 Fire Magic


You had 16 spell levels left.
You knew the following spells:

 Your Spells              Type           Power        Failure   Level
a - Foxfire               Conj/Fire      ####         1%          1
b - Fireball              Conj/Fire      #####.....   9%          5

Your spell library contained the following spells:

 Spells                   Type           Power        Failure   Level
 Conjure Flame            Conj/Fire      #####...     1%          3
 Inner Flame              Hex/Fire       ####....     3%          3
 Sticky Flame             Conj/Fire      #####...     3%          4


Dungeon Overview and Level Annotations

Branches:
Dungeon (6/15)
 Temple: D:4-7

Altars:
Dithmenos
Qazlal

Annotations:
D:5 2 runed translucent doors, exclusion: 2 doors
D:6 Maggie


Message History

The red ugly thing gurgles horribly!
The red very ugly thing gurgles horribly!
The red ugly thing basks in the mutagenic energy from its kin and changes!
You hear a horrible gurgling sound! x2
A red ugly thing comes into view.
The red ugly thing gurgles horribly!
A red very ugly thing comes into view. x2
The red very ugly thing headbutts you!
Casting: Foxfire (safe; 1% risk of failure)
Confirm with . or Enter, or press ? or * to list all spells.
You conjure some foxfire!
The red very ugly thing headbutts you!!
Ouch! That really hurt!
* * * LOW HITPOINT WARNING * * *
You are covered in liquid flames.
You are covered in liquid flames!
Casting: Foxfire (safe; 1% risk of failure)
Confirm with . or Enter, or press ? or * to list all spells.
You conjure some foxfire!
You are covered in liquid flames!
You die...

######..#..# ..
###..#....# ...
#.####. ###
#..######.......#
.............###.####
.. ..≈...#..#....# #
...
≈..............##. #
.
.....≈.vvu.....#.#.#
..≈≈≈..@.....##.### .
.≈..≈.v.v...#.# .
.....≈..##.....##..
...... ....[#.#..#
..... ......# #..#
###### ......... .#
.......###. #..... #.
.


You could see a red very ugly thing.

Vanquished Creatures
  Sigmund (D:4)
  4 ogres
  A bullfrog (D:6)
  2 scorpions
  A hound (D:6)
  A jelly (D:5)
  2 orc wizards
  A gnoll shaman (D:4)
  2 worker ants
  A killer bee zombie (D:5)
  A worker ant zombie (D:5)
  5 gnolls (D:4)
  A howler monkey skeleton (D:4)
  4 adders
  2 shadow imps (D:5)
  2 ufetubi (D:5)
  An adder zombie (D:5)
  An ooze (D:1)
  An adder skeleton (D:4)
  A worm (D:2)
  4 leopard geckos
  16 orcs
  2 ball pythons
  8 giant cockroaches
  7 goblins
  5 hobgoblins
  4 jackals (D:3)
  A quokka (D:3)
  6 bats
  A frilled lizard (D:3)
  7 kobolds
  A quokka skeleton (D:4)
  6 rats
103 creatures vanquished.

Vanquished Creatures (others)
  369 foxfires
369 creatures vanquished.

Grand Total: 472 creatures vanquished

Notes
Turn   | Place    | Note
-------+----------+-------------------------------------------
     0 | D:1      | Misa the Deep Elf Fire Elementalist began the quest for the
                  | Orb.
     0 | D:1      | Reached XP level 1. HP: 10/10 MP: 6/6
   306 | D:1      | Reached XP level 2. HP: 15/15 MP: 8/8
   808 | D:2      | Reached XP level 3. HP: 19/19 MP: 7/10
  1182 | D:2      | Reached skill level 4 in Spellcasting
  1351 | D:2      | Reached XP level 4. HP: 16/24 MP: 7/12
  1713 | D:2      | Reached XP level 5. HP: 23/28 MP: 7/14
  1981 | D:2      | Found a shadowy altar of Dithmenos.
  1993 | D:2      | Found a stormy altar of Qazlal.
  2543 | D:3      | Reached skill level 5 in Spellcasting
  3390 | D:4      | Reached skill level 5 in Fire Magic
  3392 | D:4      | Reached XP level 6. HP: 32/32 MP: 3/16
  3889 | D:4      | Noticed Sigmund
  3986 | D:4      | Killed Sigmund
  3986 | D:4      | Reached skill level 6 in Spellcasting
  3986 | D:4      | Reached XP level 7. HP: 36/36 MP: 10/18
  4260 | D:5      | Entered Level 5 of the Dungeon
  4291 | D:5      | Reached skill level 5 in Conjurations
  4580 | D:4      | Learned a level 5 spell: Fireball
  4604 | D:5      | Reached skill level 7 in Spellcasting
  4902 | D:5      | Found a runed translucent door.
  4907 | D:5      | Found a runed translucent door.
  5027 | D:5      | Reached XP level 8. HP: 21/41 MP: 12/21
  5285 | D:5      | Got a faintly glowing quarterstaff
  5286 | D:5      | Identified the +6 quarterstaff of Overwhelming Force
                  | {vorpal, +Rage rPois Int-5} (You found it on level 5 of the
                  | Dungeon)
  5569 | D:6      | Noticed Maggie
  5576 | D:6      | Cast into level 1 of the Abyss (Maggie)
  5627 | Abyss:1  | Noticed a red ugly thing
  5627 | Abyss:1  | Noticed a red very ugly thing
  5630 | Abyss:1  | Noticed a red ugly thing
  5630 | Abyss:1  | Noticed a red very ugly thing
  5631 | Abyss:1  | Noticed a red very ugly thing
  5644 | Abyss:1  | Incinerated by a red very ugly thing

Illustrated notes

Levels and vault maps discovered:
D:1:      psy_arrival_heroes, layout_basic
D:2:      layout_basic, amethyst_overflow_temple_binary, minmay_misc_feat_iff,
          minmay_statues_item, minmay_cut_off
D:3:      layout_loops_cross
D:4:      layout_cave_pools, uniq_sigmund
D:5:      lemuel_insect_pit, layout_layer_cave
D:6:      layout_basic, chequers_serial_rivers_marsh, nicolae_wand_duel,
          uniq_blork_the_orc, uniq_maggie, uniq_menkaure
Abyss:1:  base:
D:6

Skill      XL: |  1  2  3  4  5  6  7  8 |
---------------+-------------------------+-----
Conjurations   | 2 3 4 5 6 |  6.0
Spellcasting   | 4 5 6 7 |  7.7
Fire Magic     | 4 5 6 |  6.9
Dodging        | |  2.4
Stealth        | |  2.4

Action                   |  1- 3 |  4- 6 |  7- 9 || total
-------------------------+-------+-------+-------++-------
Melee: Whip              |     5 |     2 |       ||     7
 Fire: Hunting sling     |    24 |       |       ||    24
Throw: Stone             |     3 |    12 |       ||    15
 Cast: Foxfire           |    30 |   125 |    85 ||   240
 Stab: Sleeping          |     1 |       |       ||     1
Armor: Robe              |     7 |     4 |     1 ||    12
Dodge: Dodged            |    14 |    18 |     3 ||    35

Table legend: (Time is in decaauts)
 A = Elapsed time spent in this place.
 B = Non-inter-level travel time spent in this place.
 C = Inter-level travel time spent in this place.
 D = Time resting spent in this place.
 E = Time spent auto-exploring this place.
 F = Levels seen in this place.
 G = Mean time per level.
                   A        B        C        D        E       F      G
               +--------+--------+--------+--------+--------+-----+--------+
         Total |   5649 |   5491 |    158 |   1665 |   2662 |   7 |  807.0 |
       Dungeon |   5581 |   5423 |    158 |   1643 |   2662 |   6 |  930.2 |
         Abyss |     67 |     67 |      0 |     22 |      0 |   1 |   67.0 |
               +--------+--------+--------+--------+--------+-----+--------+

Top non-repeatable levels by time:
     D:2: 1383 daAuts
     D:3: 1288 daAuts
     D:5: 1183 daAuts
     D:4: 818 daAuts
     D:1: 802 daAuts
     D:6: 104 daAuts
 Abyss:1: 67 daAuts
